AoeStats
← LoneStarLegion

Arena

509667557Analyzed
1v1 RM · 4d ago on Sep 27, 2026· 27m 49s· 2 players
Game mode
Random Map
Map size
Tiny (2 player)
Population
200
Speed
Normal
Resources
Standard
Victory
Conquest
Starting age
Dark Age
Ending age
Imperial Age
RankedLock teamsTeams togetherTeam positionsShared explorationLock speedFull tech treeHidden civsTurbo modeCheats
Victory
Defeat
🇨🇷 Byzantines · Costa Rica
696
+18
🇺🇸 Gurjaras · United States
734
-18
alrocd01
11:06 Feudal Age
15:38 Castle Age
13:35 Double-Bit Axe
14:01 Horse Collar
LoneStarLegion
5:35 Loom
11:18 Feudal Age
12:14 Horse Collar
12:22 Double-Bit Axe
13:30 Wheelbarrow
18:43 Castle Age
18:20 Gold Mining
18:22 Stone Mining
19:45 Bow Saw
19:38 Heavy Plow
20:14 Husbandry
19:37 Light Cavalry
20:51 Bloodlines
24:36 Forging
27:57 Iron Casting
27:36 Man-at-Arms
Connection lost

Rejoining the realm…

Still unreachable

The connection could not be restored.

Session expired

The server has moved on; the page needs a fresh start.